 Dungeon Crawl Stone Soup version 0.31.0-12-g77e489cdc1 (webtiles) character file.

Game seed: 9644178808340607770

316 sking99 the Digger (level 6, -1/36 HPs)
             Began as a Gargoyle Earth Elementalist on Feb 28, 2024.
             Slain by Pikel
             ... wielding a +0 whip of flaming
              (2 damage)
             ... on level 4 of the Dungeon.
             The game lasted 00:07:43 (3732 turns).

sking99 the Digger (Gargoyle Earth Elementalist)    Turns: 3732, Time: 00:07:45

Health: -1/36      AC: 10    Str: 13    XL:     6   Next: 44%
Magic:  0/10       EV: 12    Int: 16    God:
Gold:   77         SH:  0    Dex: 10    Spells: 2/10 levels left

rFire   . . .        l - +0 dagger
rCold   . . .        (no shield)
rNeg    + . .        i - +3 robe "Xeixka" {Will+}
rPois   ∞            (no helmet)
rElec   +            (no cloak)
rCorr   .            d - +0 pair of gloves
SInv    .            (no boots)
Will    +....        (no amulet)
Stlth   ++           (no ring)
HPRegen 0.26/turn    (no ring)
MPRegen 0.12/turn

%: no passive effects
@: no status effects
A: sickness immunity, AC +4, negative energy resistance 1, electricity
resistance, torment resistance 1, petrification resistance
a: no special abilities


You were on level 4 of the Dungeon.
You visited 1 branch of the dungeon, and saw 4 of its levels.

You collected 173 gold pieces.
You spent 96 gold pieces at shops.

Inventory:

Hand Weapons
 l - a +0 dagger (weapon)
Armour
 d - a +0 pair of gloves (worn)
 i - the +3 robe "Xeixka" (worn) {Will+}
   (You bought it in a shop on level 2 of the Dungeon)

   Will+:     It increases your willpower.
Jewellery
 h - an amulet of faith
Wands
 o - a wand of acid (11)
Scrolls
 c - 3 scrolls of teleportation {unknown}
 e - 2 scrolls of revelation {unknown}
 f - 2 scrolls of enchant weapon {unknown}
 g - 2 scrolls of noise {unknown}
 j - a scroll of fear {unknown}
 k - a scroll of silence {unknown}
 m - a scroll of identify {unknown}
 n - a scroll of summoning {unknown}
Potions
 a - a potion of degeneration {unknown}
 b - a potion of lignification {unknown}
 p - a potion of brilliance {unknown}


   Skills:
 - Level 2.3 Fighting
 - Level 2.4 Dodging
 - Level 2.1 Stealth
 - Level 2.9 Spellcasting
 + Level 3.0 Conjurations
 * Level 5.8 Earth Magic


You had 2 spell levels left.
You knew the following spells:

 Your Spells              Type           Power      Damage    Failure   Level
a - Sandblast             Erth           42%        2d11      1%          1
b - Stone Arrow           Conj/Erth      32%        3d9       9%          3
c - Brom's Barrelling Bo  Conj/Erth      16%        2d4       30%         4

Your spell library contained the following spells:

 Spells                   Type           Power      Damage    Failure   Level
 Mercury Vapours          Alch/Air       4%         N/A       28%         2
 Passwall                 Erth           21%        N/A       4%          3
 Mephitic Cloud           Conj/Alch/Air  5%         N/A       36%         3
 Petrify                  Alch/Erth      11%        N/A       50%         4
 Freezing Cloud           Conj/Ice/Air   2%         6-21      98%         5


Dungeon Overview and Level Annotations

Branches:
Dungeon (4/15)
 Temple: D:4-7

Altars:

Shops:
D:1 ([[(=   D:2 [*(

Annotations:
D:2 Terence
D:4 Pikel


Innate Abilities, Weirdness & Mutations

You are immune to sickness and miasma.
Your stone body is resilient. (AC +4)
You are immune to poison.
You resist negative energy. (rN+)
You are resistant to electric shocks. (rElec)
You are resistant to unholy torment.
You are immune to petrification.


Message History

Pikel burns you.
You barely miss Pikel.
Pikel is heavily wounded.
Pikel closely misses you.
Casting: Sandblast (safe; 1% risk of failure)
Confirm with . or Enter, or press ? or * to list all spells.
Aiming: Sandblast (safe; 1% risk of failure)
Press: ? - help, Shift-Dir - straight line, f/p - Pikel
Aim: Pikel, wielding a +0 whip of flaming and wearing a +0 robe (heavily wounded, 79% to hit)
The blast of sand hits Pikel.
Pikel is heavily wounded.
Pikel barely misses you.
Pikel hits you with a +0 whip of flaming.
Pikel burns you.
You miss Pikel.
Pikel is heavily wounded.
Pikel hits you with a +0 whip of flaming.
* * * LOW HITPOINT WARNING * * *
Pikel burns you.
* * * LOW HITPOINT WARNING * * *
You hit Pikel but do no damage.
Pikel is heavily wounded.
Pikel hits you but does no damage.
You hit Pikel but do no damage.
Pikel is heavily wounded.
Pikel says, "Hell isn't that bad."
Pikel hits you with a +0 whip of flaming.
* * * LOW HITPOINT WARNING * * *
Pikel burns you.
* * * LOW HITPOINT WARNING * * *
You closely miss Pikel.
Pikel is heavily wounded.
Pikel misses you.
You barely miss Pikel.
Pikel is heavily wounded.
Pikel hits you with a +0 whip of flaming.
* * * LOW HITPOINT WARNING * * *
Pikel burns you.
You die...
Pikel says, "See you in Hell!"

#### #########
..######........
#............###
#.####.......###
#...............
...#######.#..........###
...5555K@..#.####....## #
.#######.....# #....####
#.###.# ##.#.##.. #.# #.#
#.#..... #.# #.# #.#.....
#.# #.# #.#..... ..# #.#
#.##.... ### #.# #.###...
#.# #.####..


You could see Pikel and 4 lemures.

Vanquished Creatures
  An ogre (D:4)
  A bombardier beetle (D:3)
  Natasha (thrice) (D:2)
  Robin (D:1)
  2 adders (D:2)
  2 ribbon worms (D:2)
  2 dart slugs
  An orc (D:4)
  3 bats
  2 endoplasms
  4 giant cockroaches
  13 goblins
  5 hobgoblins
  6 jackals (D:3)
  6 kobolds
  7 quokkas
  7 ball pythons
  3 frilled lizards
  8 rats
77 creatures vanquished.

Notes
Turn   | Place    | Note
-------+----------+-------------------------------------------
     0 | D:1      | sking99 the Gargoyle Earth Elementalist began the quest for
                  | the Orb.
     0 | D:1      | Reached XP level 1. HP: 10/10 MP: 3/3
    84 | D:1      | Found Elaow's Weapon Emporium.
    85 | D:1      | Found Reitzeul's Armour Shoppe.
   155 | D:1      | Found Logaf's Antique Weapon Emporium.
   194 | D:1      | Reached XP level 2. HP: 16/16 MP: 0/5
   273 | D:1      | Found Jaempa's Armour Shoppe.
   287 | D:1      | Reached skill level 1 in Fighting
   604 | D:1      | Found Tuorem's Jewellery Shoppe.
   813 | D:2      | Reached XP level 3. HP: 20/20 MP: 4/6
   836 | D:2      | Found Nungawn's Antique Armour Shop.
   851 | D:2      | Noticed Natasha
   859 | D:2      | Killed Natasha
   954 | D:2      | Noticed Natasha
   961 | D:2      | Killed Natasha
   962 | D:2      | Reached XP level 4. HP: 26/26 MP: 4/8
  1017 | D:2      | Bought a faintly humming robe for 96 gold pieces
  1017 | D:2      | Identified the +3 robe "Xeixka" {Will+} (You bought it in a
                  | shop on level 2 of the Dungeon)
  1061 | D:2      | Noticed Robin
  1167 | D:2      | Learned a level 3 spell: Stone Arrow
  1172 | D:2      | Learned a level 4 spell: Brom's Barrelling Boulder
  1519 | D:2      | Found Seoludol's Assorted Antiques.
  1746 | D:2      | Reached skill level 4 in Earth Magic
  1756 | D:2      | Reached XP level 5. HP: 31/31 MP: 3/9
  1855 | D:2      | Noticed Natasha
  1860 | D:2      | Killed Natasha
  2047 | D:2      | Noticed Terence
  2225 | D:1      | Killed Robin
  2407 | D:2      | Found Jorach's Weapon Boutique.
  2747 | D:3      | Reached skill level 5 in Earth Magic
  3007 | D:3      | Reached XP level 6. HP: 36/36 MP: 7/10
  3706 | D:4      | Noticed Pikel
  3732 | D:4      | HP: 1/36 [Pikel/+0 whip of flaming (4)]
  3732 | D:4      | Slain by Pikel

Illustrated notes

Levels and vault maps discovered:
D:1:      kennysheep_arrival_forest, layout_basic, serial_shops,
          nicolae_shop_crystal, nicolae_shop_tiny_real_fake_doors, shop,
          nicolae_shop_gaudy_bauble, nicolae_square_shop
D:2:      layout_basic, serial_shops, nicolae_shop_hallway_plus, shop,
          nicolae_diamond_shop, uniq_terence, uniq_natasha, uniq_robin
D:3:      layout_basic
D:4:      layout_loops_ring, nicolae_overflow_macrodata_refinement, uniq_pikel,
          uniq_blork_the_orc, uniq_crazy_yiuf_cottage

Skill      XL: |  1  2  3  4  5  6 |
---------------+-------------------+-----
Fighting       | 1 2 |  2.3
Dodging        | 2 |  2.4
Earth Magic    | 4 5 |  5.8
Conjurations   | 2 3 |  3.0
Stealth        | |  2.1
Spellcasting   | |  2.9

Action                     |  1- 3 |  4- 6 || total
---------------------------+-------+-------++-------
  Melee: Dagger            |       |    22 ||    22
         Unarmed           |       |     4 ||     4
         Punch             |       |     1 ||     1
   Cast: Sandblast         |    35 |   116 ||   151
         Stone Arrow       |       |     1 ||     1
    Use: Potion            |     1 |       ||     1
 Armour: Robe              |     6 |    60 ||    66
  Dodge: Dodged            |    15 |    51 ||    66
